 Dungeon Crawl Stone Soup version 0.17-a0-1804-gf6433eb (webtiles) character file.

577 luca467 the Skirmisher (level 7, 0/51 HPs)
             Began as an Octopode Fighter on Sept 11, 2015.
             Slain by a gnoll
             ... wielding a +0 flail of draining
              (15 damage)
             ... on level 5 of the Dungeon.
             The game lasted 00:17:05 (4807 turns).

luca467 the Skirmisher (Octopode Fighter)           Turns: 4807, Time: 00:17:05

Health: 0/51       AC:  1    Str: 15    XL:     7   Next: 35%
Magic:  7/7        EV: 10    Int: 10    God:
Gold:   271        SH:  9    Dex: 14    Spells: 0 memorised, 6 levels left

rFire  . . .     SeeInvis .     a - +0 rapier
rCold  . . .     Clarity  .     b - +1 shield
rNeg   . . .     SustAt   .     (helmet restricted)
rPois  .         Gourm    .     (no amulet)
rElec  .         Spirit   .     r - ring of protection from magic
rCorr  .         Warding  .     (no ring)
rMut   .         Stasis   .     (no ring)
MR     +....                    (no ring)
Stlth  +++.......               (no ring)
                                (no ring)
                                (no ring)
                                (no ring)

@: drained, somewhat resistant to hostile enchantments, fairly stealthy
A: almost no armour, amphibious, 8 rings, constrict 8, camouflage 1, gelatinous
body 1
a: no special abilities


You were on level 5 of the Dungeon.
You were not hungry.

You visited 1 branch of the dungeon, and saw 5 of its levels.

You collected 271 gold pieces.

Inventory:

Hand weapons
 a - a +0 rapier (weapon)
Armour
 b - a +1 shield (worn)
Jewellery
 n - an uncursed ring of fire
 p - an uncursed ring of magical power
 r - a ring of protection from magic (left tentacle)
Scrolls
 f - a scroll of blinking
 h - 6 scrolls of teleportation
 i - 3 scrolls of remove curse
 m - a scroll of random uselessness {unknown}
 o - a scroll of fear
Potions
 c - a potion of might
 e - 5 potions of curing
 g - 2 potions of heal wounds {unknown}
 j - a potion of flight {unknown}
 k - a potion of resistance {unknown}
 l - a potion of invisibility {unknown}
Books
 q - a book of Minor Magic

   Spells                             Type                      Level
   a - Magic Dart                     Conjuration                  1
   b - Blink                          Translocation                2
   c - Call Imp                       Summoning                    2
   d - Repel Missiles                 Charms/Air                   2
   e - Slow                           Hexes                        2
   f - Conjure Flame                  Conjuration/Fire             3
   g - Mephitic Cloud                 Conjuration/Poison/Air       3
 s - a book of Debilitation

   Spells                             Type                      Level
   a - Corona                         Hexes                        1
   b - Slow                           Hexes                        2
   c - Gell's Gravitas                Hexes/Translocation          3
   d - Inner Flame                    Hexes/Fire                   3
   e - Cause Fear                     Hexes                        4
   f - Leda's Liquefaction            Hexes/Earth                  4
Comestibles
 d - a bread ration


   Skills:
 * Level 5.9(5.6) Fighting
 * Level 5.7(5.3) Short Blades
 - Level 3.0(2.7) Dodging
 - Level 2.2(1.9) Stealth
 - Level 3.0(2.7) Shields


You had 6 spell levels left.
You didn't know any spells.

Dungeon Overview and Level Annotations

Branches:
Dungeon (5/15)
 Temple: D:4-7

Altars:
Dithmenos
Fedhas
Gozag
Kikubaaqudgha
Qazlal
Trog
Xom
Yredelemnul
Zin
The Shining One

Annotations:
D:5 konokrad666's ghost, experienced VSEn


Innate Abilities, Weirdness & Mutations

You cannot wear most types of armour.
You are amphibious.
You can wear up to eight rings at the same time.
You can use your tentacles to constrict eight enemies at once.
Your skin changes colour to match your surroundings (Stealth).
Your rubbery body absorbs attacks (AC +1).


Message History

The gnoll closely misses you. x2
There is an open door here.
You barely miss the gnoll. Your grab misses the gnoll.
You block the gnoll's attack. x2
The gnoll misses you.
You hit the gnoll but do no damage. You grab the gnoll.
You constrict the gnoll. You block the gnoll's attack.
The gnoll hits you from afar with a halberd!
The gnoll hits you with a flail of draining.
You feel drained.
* * * LOW HITPOINT WARNING * * *
You release your grip on the gnoll.
You hit the gnoll. You grab the gnoll. You squeeze the gnoll.
The gnoll is heavily wounded.
You constrict the gnoll. The gnoll barely misses you.
You hit the gnoll but do no damage. You grab the gnoll.
You constrict the gnoll, but do no damage.
You constrict the gnoll. You block the gnoll's attack.
The gnoll hits you with a flail of draining!
You die...

'...'....'. #>..#....# '....#
#...#....# #....# #...#....#
#....# ..#..)#....+ #....#
..'...'....##+#....# #####
..#...#............# ##.... .
#...#............+ #.....
#...#.......gg@..# ##.....
#...'........g...##+#####.....#
#...#....##+###+##...รท.#####..#
.....#....'...#...'.....# #....
....##..(.#...'...#.....# #....
###. #....#...#...#.....# #....
...'....#...##..###+#.# #....
..#....#...##...+....######'#
...#....'....+...#...#........


You could see 3 gnolls.

Vanquished Creatures
  Grinder (D:5)
  An ogre (D:4)
  A hound (D:4)
  Jessica (D:2)
  A killer bee zombie (D:3)
  Robin (D:2)
  5 gnolls
  6 adders
  2 oozes
  An adder skeleton (D:4)
  2 worms
  2 giant geckos
  2 orcs
  9 bats
  2 giant cockroaches (D:2)
  15 goblins
  11 hobgoblins
  13 jackals
  A quokka (D:3)
  4 giant newts
  7 kobolds
  7 rats
95 creatures vanquished.

Vanquished Creatures (others)
  An adder (D:2)
  A rat (D:2)
2 creatures vanquished.

Grand Total: 97 creatures vanquished

Notes
Turn   | Place    | Note
--------------------------------------------------------------
     0 | D:1      | luca467 the Octopode Fighter began the quest for the Orb.
     0 | D:1      | Reached XP level 1. HP: 16/16 MP: 1/1
   273 | D:1      | Reached XP level 2. HP: 19/21 MP: 2/2
   827 | D:2      | Reached skill level 1 in Stealth
   827 | D:2      | Reached XP level 3. HP: 26/26 MP: 3/3
  1187 | D:2      | Reached XP level 4. HP: 14/32 MP: 4/4
  1486 | D:2      | Noticed Robin
  1561 | D:2      | Noticed Jessica
  1569 | D:2      | Killed Jessica
  1569 | D:2      | Reached skill level 4 in Fighting
  1656 | D:2      | Killed Robin
  1656 | D:2      | Reached XP level 5. HP: 31/37 MP: 5/5
  1971 | D:2      | Found a glowing golden altar of the Shining One.
  2064 | D:2      | Found a glowing silver altar of Zin.
  2071 | D:2      | Noticed an angel
  2080 | D:2      | Found a shimmering altar of Xom.
  2624 | D:3      | Found an opulent altar of Gozag.
  2945 | D:3      | Found an ancient bone altar of Kikubaaqudgha.
  2947 | D:3      | Found a blossoming altar of Fedhas.
  3354 | D:4      | Reached XP level 6. HP: 40/45 MP: 6/6
  3444 | D:4      | Noticed an ogre
  3457 | D:4      | Killed an ogre
  3457 | D:4      | Reached skill level 5 in Fighting
  3789 | D:4      | Found a basalt altar of Yredelemnul.
  3791 | D:4      | Found a shadowy altar of Dithmenos.
  4031 | D:4      | Found a bloodstained altar of Trog.
  4034 | D:4      | Found a stormy altar of Qazlal.
  4309 | D:4      | Reached skill level 5 in Short Blades
  4408 | D:5      | Entered Level 5 of the Dungeon
  4464 | D:5      | Noticed konokrad666's ghost (experienced VSEn)
  4485 | D:5      | Noticed Grinder
  4493 | D:5      | HP: 2/45 [Grinder (1)]
  4496 | D:5      | Killed Grinder
  4496 | D:5      | Reached XP level 7. HP: 3/51 MP: 7/7
  4807 | D:5      | Slain by a gnoll

Vault maps used:
D:1:      dpeg_arrival_fog
D:2:      grunt_temple_overflow_order_and_chaos_1, nicolae_tso_carved_into_rock,
          due_unseen_surprise, uniq_robin, uniq_jessica
D:3:      grunt_temple_overflow_growth_and_decay, nicolae_gozag_seed_capital
D:4:      nicolae_overflow_hidden_temple
D:5:      vehumet_altar_wand_db, first_bread, uniq_grinder, uniq_blork_the_orc

Action                   |  1- 3 |  4- 6 |  7- 9 || total
-------------------------+-------+-------+-------++-------
Melee: Rapier            |    54 |   155 |     6 ||   215
  Use: Scroll            |       |    11 |       ||    11
 Stab: Sleeping          |     4 |     9 |     1 ||    14
       Distracted        |       |     3 |       ||     3
  Eat: Chunk             |     1 |     7 |       ||     8
       Meat ration       |       |     1 |       ||     1
